 Dungeon Crawl Stone Soup version 0.29.1-4-g47bece8355 (webtiles) character file.

Game seed: 17319155950202087710

133 KittyFluff the Trooper (level 5, 0/34 HPs)
             Began as a Gargoyle Berserker on Dec 3, 2022.
             Was a Believer of Trog.
             Killed by nerve-wracking pain
             ... invoked by an orc priest
              (7 damage)
             ... on level 4 of the Dungeon.
             The game lasted 00:13:22 (2954 turns).

KittyFluff the Trooper (Gargoyle Berserker)         Turns: 2954, Time: 00:13:23

Health: 0/34       AC:  7    Str: 21    XL:     5   Next: 16%
Magic:  5/5        EV: 12    Int:  7    God:    Trog [**....]
Gold:   157        SH:  0    Dex: 11    Spells: 4/4 levels left

rFire   . . .      SeeInvis .   a - +0 mace
rCold   . . .      Faith    .   (no shield)
rNeg    + . .      Spirit   .   b - +0 animal skin
rPois   ∞          Reflect  .   u - +0 hat
rElec   +          Harm     .   w - +0 cloak
rCorr   .          Rampage  .   (no gloves)
Will    .....                   (no boots)
Stlth   +.........              (no amulet)
HPRegen 0.11/turn               (no ring)
MPRegen 0.09/turn               (no ring)

@: no status effects
A: sickness immunity, AC +4, negative energy resistance 1, electricity
resistance, torment resistance 1, petrification resistance
a: Renounce Religion, Berserk, Trog's Hand


You were on level 4 of the Dungeon.
You worshipped Trog.
Trog was pleased with you.
You visited 1 branch of the dungeon, and saw 4 of its levels.

You collected 157 gold pieces.

Inventory:

Hand Weapons
 a - a +0 mace (weapon)
 m - a +0 sling
 v - a +0 sling of freezing
Missiles
 e - 53 stones (quivered)
Armour
 b - a +0 animal skin (worn)
 s - a +0 leather armour
 u - a +0 hat (worn)
 w - a +0 cloak (worn)
Scrolls
 c - 3 scrolls of teleportation {unknown}
 d - a scroll of amnesia {unknown}
 j - a scroll of magic mapping {unknown}
 k - a scroll of enchant weapon {unknown}
 l - a scroll of vulnerability {unknown}
 n - 2 scrolls of enchant armour {unknown}
 o - 3 scrolls of identify {unknown}
 p - a scroll of blinking {unknown}
 r - 2 scrolls of immolation {unknown}
 x - a scroll of summoning {unknown}
Potions
 f - a potion of haste {unknown}
 g - a potion of invisibility {unknown}
 h - 2 potions of berserk rage {unknown}
 i - a potion of attraction {unknown}
 q - a potion of flight {unknown}
 t - a potion of resistance {unknown}


   Skills:
 + Level 4.5 Fighting
 + Level 4.3 Maces & Flails
 + Level 0.3 Ranged Weapons
 + Level 2.4 Armour
 + Level 2.2 Dodging
 + Level 0.1 Stealth


You had 4 spell levels left.
You didn't know any spells.
Your spell library was empty.

Dungeon Overview and Level Annotations

Branches:
Dungeon (4/15)
 Temple: D:4-7

Altars:
Ashenzari
Elyvilon
Hepliaklqana


Innate Abilities, Weirdness & Mutations

You are immune to sickness and miasma.
Your stone body is resilient. (AC +4)
You are immune to poison.
You resist negative energy. (rN+)
You are resistant to electric shocks. (rElec)
You are resistant to unholy torment.
You are immune to petrification.


Message History

Fire: v) +0 sling (freeze)
Press: ? - help, Q - select action, (/) - cycle Shift-Dir - straight line, f - orc priest, p - orc wizard
Aim: an orc priest, wielding a +0 club (54% to hit)
You shoot a sling bullet. The sling bullet hits the orc priest.
The sling bullet freezes the orc priest.
The orc priest is lightly wounded.
An orc wizard comes into view.
It is wielding a +1 dagger of holy wrath.
The orc priest calls down the wrath of Beogh upon you.
Beogh smites you!
The orc wizard shouts!
Fire: v) +0 sling (freeze)
Press: ? - help, Q - select action, (/) - cycle Shift-Dir - straight line, f/p - orc priest
Aim: an orc priest, wielding a +0 club (lightly wounded, 54% to hit)
You shoot a sling bullet.
The sling bullet closely misses the orc priest.
The orc wizard gestures at you while chanting.
You are confused.
An orc wizard comes into view. It is wielding a +0 dagger.
Your +0 sling of freezing stops glowing.
a - a +0 mace (weapon)
The orc priest calls down the wrath of Beogh upon you.
Pain shoots through your body!
You closely miss the orc wizard. The orc wizard closely misses you.
You miss the orc wizard.
The orc wizard hits you but does no damage.
You're too confused to move!
The orc wizard points at you and mumbles some strange words.
The puff of flame misses you.
You're too confused to move!
The orc wizard barely misses you. x2
The orc priest barely misses you.
You hit the orc priest.
The orc priest is lightly wounded.
You feel less confused. The orc wizard casts a spell at you.
The magic dart hits you!
* * * LOW HITPOINT WARNING * * *
The orc wizard closely misses you.
The orc priest calls down the wrath of Beogh upon you.
Pain shoots through your body!
You die...

#.... .. ..# #..♣. ..
♣..# #.... .....# .
....♣ .♣...# #.....)
....# ##.##.. ...# #####
......o#...### #...#####
..##..o@# #<.##...##.<#
......oo## #...#...#...#
......†..####.'#...#'.##
......#.....###....)###.
#.##..##................
# #..##.........8......
#..#..##.............
##.##...####.....####
..#..#...##..#...#'.#


You could see an orc priest and 3 orc wizards.

Vanquished Creatures
  A hound (D:2)
  5 adders
  2 dart slugs
  8 ball pythons
  4 endoplasms
  2 giant cockroaches
  7 goblins
  6 hobgoblins
  3 jackals (D:2)
  6 kobolds
  A quokka (D:2)
  3 bats
  2 frilled lizards
  4 rats (D:3)
54 creatures vanquished.

Notes
Turn   | Place    | Note
-------+----------+-------------------------------------------
     0 | D:1      | KittyFluff the Gargoyle Berserker began the quest for the
                  | Orb.
     0 | D:1      | Reached XP level 1. HP: 14/14 MP: 1/1
    96 | D:1      | Reached XP level 2. HP: 19/19 MP: 2/2
   193 | D:1      | Found a faded altar of an unknown god.
   827 | D:2      | Reached XP level 3. HP: 17/24 MP: 3/3
  1004 | D:2      | Reached XP level 4. HP: 29/29 MP: 4/4
  2000 | D:3      | Reached ** piety under Trog
  2323 | D:3      | Found a broken altar of Ashenzari.
  2576 | D:3      | Reached XP level 5. HP: 34/34 MP: 5/5
  2765 | D:3      | Found a white marble altar of Elyvilon.
  2783 | D:3      | Found a hazy altar of Hepliaklqana.
  2954 | D:4      | Killed from afar by an orc priest

Illustrated notes

Levels and vault maps discovered:
D:1:      heliophobic_arrival_enchanted_forest, layout_rooms,
          hellmonk_ecumenical_altar_heavens_door
D:2:      layout_basic, kennysheep_donut
D:3:      layout_basic, mainiacjoe_overflow_catwalk_spiral,
          general_overflow_altar, nicolae_titane
D:4:      layout_cave_pools, gammafunk_ghost_mausoleum, minmay_misc_feat_plants,
          grunt_decor_resistance, hangedman_abyss_or_decor_passed,
          grunt_ministairs_6, chequers_decorated_corner

Skill      XL: |  1  2  3  4 |
---------------+-------------+-----
Fighting       | 4 |  4.5
Dodging        | 2 |  2.2
Maces & Flails | 4 |  4.3
Ranged Weapons | |  0.3
Armour         | |  2.4
Stealth        | |  0.1

Action                   |  1- 3 |  4- 6 || total
-------------------------+-------+-------++-------
Melee: Mace              |    62 |   118 ||   180
       Punch             |       |     1 ||     1
 Fire: Sling             |       |    26 ||    26
Armor: Animal skin       |    17 |    45 ||    62
Dodge: Dodged            |    41 |    82 ||   123
